Canucks vs Flyers

Created - 18 décembre 2020 at 20:23

Goals
1 2 3 T
Canucks 0 2 1 3
Flyers 0 0 0 0
Shots
1 2 3 T
Canucks 5 14 12 31
Flyers 5 6 3 14

1st period

No Goal

Penalties :
Victor Hedman (PHI) for Interference (Minor) at 0:31, Ryan Graves (PHI) for Roughing (Minor) at 15:46

2nd period

1. Canucks , Anthony Duclair 7 (Ron Hainsey 7, Tanner Pearson 8) at 2:17
2. Canucks , Blake Coleman 7 (Mitch Marner 11, Morgan Rielly 10) at 10:48

Penalties :
Tanner Pearson (VAN) for Hooking (Minor) at 4:27, Victor Hedman (PHI) for Holding (Minor) at 19:09

3rd period

3. Canucks , Kevin Hayes 10 (Ryan O'Reilly 16) at 10:04 (PP)

Penalties :
Jonas Brodin (PHI) for Hooking (Minor) at 9:42, Boone Jenner (VAN) for Hooking (Minor) at 11:08

Goalie Stats

Carey Price (VAN), 14 saves from 14 shots - (1,000), W, 15-9-1, 60:00 minutes
Pavel Francouz (PHI), 28 saves from 31 shots - (0,903), L, 13-11-0, 60:00 minutes

Players Stats for Canucks

Player Name              G  A  P  +/- PIM S  H  SB GA TA FO     MP     PP MP  PK MP  
------------------------------------------------------------------------------------
Aaron Ekblad             0  0  0   0  0   0  1  3  0  0  0/0    20:04   0:00   1:59 
Alex Pietrangelo         0  0  0   0  0   2  0  0  0  0  0/0    24:04   2:47   1:59 
Anthony Duclair          1  0  1   1  0   4  0  0  0  0  0/0    16:07   2:47   0:18 
Blake Coleman            1  0  1   1  0   2  3  0  0  0  0/0    17:29   0:00   1:35 
Boone Jenner             0  0  0   0  2   1  2  0  0  0  0/1    16:13   0:11   1:04 
Brayden Point            0  0  0   1  0   2  0  0  0  0  17/27  19:13   3:19   0:00 
Brock Boeser             0  0  0   0  0   3  0  0  0  0  0/0    17:59   3:00   0:00 
Chris Tierney            0  0  0   0  0   0  1  0  0  0  6/8     7:53   0:00   2:05 
Craig Smith              0  0  0   0  0   1  2  0  0  0  0/0     8:56   3:08   0:00 
Ian Cole                 0  0  0   0  0   0  1  0  0  0  0/0    13:59   0:00   0:00 
Keith Yandle             0  0  0   0  0   0  0  1  0  0  0/0    13:59   0:00   0:00 
Kevin Hayes              1  0  1   1  0   3  0  0  0  0  8/18   16:02   3:00   0:00 
Mitch Marner             0  1  1   1  0   7  0  0  0  0  0/2    19:13   3:19   0:00 
Morgan Rielly            0  1  1   2  0   2  0  2  0  0  0/0    23:10   3:32   1:59 
Ron Hainsey              0  1  1   2  0   0  0  0  0  0  0/0    18:25   0:00   1:59 
Ryan O'Reilly            0  1  1   0  0   2  0  1  0  0  8/19   20:27   3:32   1:56 
Tanner Pearson           0  1  1   1  2   1  0  0  0  0  1/1    16:59   3:00   0:58 
Zach Sanford             0  0  0   0  0   1  2  0  0  0  0/0     5:48   0:00   0:00 

Players Stats for Flyers

Player Name              G  A  P  +/- PIM S  H  SB GA TA FO     MP     PP MP  PK MP  
------------------------------------------------------------------------------------
Brendan Gallagher        0  0  0   0  0   1  2  0  0  0  0/0    14:02   0:22   0:00 
Jake Debrusk             0  0  0   0  0   1  0  0  0  0  0/1    13:42   1:02   4:31 
Jakub Voracek            0  0  0   0  0   4  1  0  0  0  0/3    18:39   1:52   0:00 
Jamie Benn               0  0  0   0  0   0  4  0  0  0  8/17   18:39   1:52   0:00 
Joel Eriksson Ek         0  0  0  -2  0   1  2  1  0  0  13/22  17:22   1:44   4:31 
Johan Larsson            0  0  0   0  0   0  0  1  0  0  3/10    9:57   0:00   1:48 
Jonas Brodin             0  0  0   0  2   0  2  1  0  0  0/0    23:17   1:50   2:31 
Nick Schmaltz            0  0  0  -2  0   1  0  0  0  0  0/1    12:09   1:02   0:00 
Nino Niederreiter        0  0  0  -2  0   1  0  0  0  0  0/1    11:07   0:00   0:00 
Noah Hanifin             0  0  0  -1  0   0  2  1  0  0  0/0    22:53   1:46   3:06 
Ondrej Kase              0  0  0   0  0   0  1  0  0  0  1/2     9:57   0:00   1:48 
Paul Stastny             0  0  0   0  0   2  1  0  0  0  10/17  14:44   1:04   0:00 
Rasmus Andersson         0  0  0   0  0   0  2  1  0  0  0/0    18:19   1:46   0:00 
Ryan Graves              0  0  0  -1  2   0  0  4  0  0  0/0    15:40   0:00   2:56 
Tomas Tatar              0  0  0   0  0   2  0  0  0  0  1/2    14:44   1:04   0:00 
Victor Hedman            0  0  0  -1  4   1  4  1  0  0  0/0    23:14   2:12   0:52 
Vince Dunn               0  0  0  -1  0   0  0  2  0  0  0/0    16:33   0:22   3:13 
William Nylander         0  0  0   0  0   0  0  1  0  0  0/0    18:39   1:52   0:00 

3 Stars

1 - Blake Coleman (VAN)
2 - Carey Price (VAN)
3 - Anthony Duclair (VAN)

Power Play

Canucks - 1 on 4 Attempt(s) - 25,00%
Flyers - 0 on 2 Attempt(s) - 0,00%

Penalty Kill

Canucks - 2 on 2 Attempt(s) - 100,00% - Score 0 goal in Penalty Kill
Flyers - 3 on 4 Attempt(s) - 75,00% - Score 0 goal in Penalty Kill

Team Stat

Canucks - Hits : 12 - Faceoff Wins : 40 - Blocked Shots : 7 - Penalty Minutes : 4
Flyers - Hits : 21 - Faceoff Wins : 36 - Blocked Shots : 13 - Penalty Minutes : 8

Official

Referees : Kenny Anderson and Tim Mayer
Linesman : Justin Cornell and Kiel Murchison

Game Notes

No Game Note

Finance

Level 1 -- Attendance: 6074 (93,45%) -- Ticket Income 668 140 $
Level 2 -- Attendance: 5000 (100,00%) -- Ticket Income 375 000 $
Level 3 -- Attendance: 3494 (99,83%) -- Ticket Income 195 664 $
Level 4 -- Attendance: 1565 (100,00%) -- Ticket Income 62 600 $
Luxury Box -- Attendance: 921 (92,10%) -- Ticket Income 183 279 $
Game was played at the Wells Fargo Center.
Total Attendance: 17054 (97,09%)
Total Ticket Income: 1 484 683 $
Other Income: 727 495 $
Total Income: 2 212 178 $

% Time on Ice - Canucks

Lines # - Real PCT - Wanted PCT - Time Play
Normal Forward
1 - 30% - 33% - 14:59
2 - 32% - 33% - 15:54
3 - 26% - 28% - 13:02
4 - 12% - 6% - 5:48
Normal Defense
1 - 36% - 40% - 18:05
2 - 33% - 30% - 16:26
3 - 28% - 20% - 13:59
4 - 2% - 10% - 1:13
PP Forward
1 - 53% - 50% - 3:19
2 - 47% - 50% - 3:00
PP Defense
1 - 56% - 50% - 3:32
2 - 44% - 50% - 2:47
PK Forward
1 - 42% - 50% - 1:39
2 - 58% - 50% - 2:19
PK Defense
1 - 50% - 60% - 1:59
2 - 50% - 40% - 1:59
PK3 Forward
1 - 0% - 50%
2 - 0% - 50%
PK3 Defense
1 - 0% - 70%
2 - 0% - 30%
44 Forward
1 - 0% - 50%
2 - 0% - 50%
44 Defense
1 - 0% - 60%
2 - 0% - 40%
Last Minute Offensive  - 0:00
Last Minute Defensive  - 0:00
Total
Forward - 60:00
Defense - 60:00

% Time on Ice - Flyers

Lines # - Real PCT - Wanted PCT - Time Play
Normal Forward
1 - 34% - 40% - 16:47
2 - 27% - 30% - 13:40
3 - 22% - 20% - 11:07
4 - 16% - 10% - 8:09
Normal Defense
1 - 38% - 40% - 18:57
2 - 33% - 30% - 16:33
3 - 25% - 20% - 12:20
4 - 4% - 10% - 1:53
PP Forward
1 - 47% - 60% - 1:52
2 - 53% - 40% - 2:06
PP Defense
1 - 55% - 60% - 2:12
2 - 45% - 40% - 1:46
PK Forward
1 - 72% - 60% - 4:31
2 - 28% - 40% - 1:48
PK Defense
1 - 51% - 60% - 3:13
2 - 49% - 40% - 3:06
PK3 Forward
1 - 0% - 60%
2 - 0% - 40%
PK3 Defense
1 - 0% - 60%
2 - 0% - 40%
44 Forward
1 - 0% - 60%
2 - 0% - 40%
44 Defense
1 - 0% - 60%
2 - 0% - 40%
Last Minute Offensive  - 0:00
Last Minute Defensive  - 0:00
Total
Forward - 60:00
Defense - 60:00

Play-by-Play

1st period


0:01 of 1st period - Jamie Benn wins face-off versus Ryan O'Reilly in neutral zone.
0:06 of 1st period - Shot by Victor Hedman.
0:06 of 1st period - Shot Misses the Net.
0:31 of 1st period - Minor Penalty to Victor Hedman for Interference.
0:32 of 1st period - Joel Eriksson Ek wins face-off versus Mitch Marner in Flyers zone.
0:40 of 1st period - Off-side.
0:41 of 1st period - Johan Larsson wins face-off versus Brayden Point in neutral zone.
1:39 of 1st period - Shot by Kevin Hayes.
1:39 of 1st period - Shot Misses the Net.
1:41 of 1st period - Shot by Alex Pietrangelo.
1:41 of 1st period - Stopped by Pavel Francouz without a rebound.
1:42 of 1st period - Johan Larsson wins face-off versus Kevin Hayes in Flyers zone.
2:09 of 1st period - Off-side.
2:10 of 1st period - Brayden Point wins face-off versus Joel Eriksson Ek in neutral zone.
2:34 of 1st period - Icing by Craig Smith.
2:35 of 1st period - Chris Tierney wins face-off versus Tomas Tatar in Canucks zone.
2:51 of 1st period - Shot by Tomas Tatar.
2:51 of 1st period - Deflect By Brendan Gallagher.
2:51 of 1st period - Stopped by Carey Price without a rebound.
2:52 of 1st period - Jamie Benn wins face-off versus Kevin Hayes in Canucks zone.
3:09 of 1st period - Shot by Jakub Voracek.
3:09 of 1st period - Stopped by Carey Price without a rebound.
3:10 of 1st period - Brayden Point wins face-off versus Paul Stastny in Canucks zone.
3:27 of 1st period - Shot by Blake Coleman.
3:27 of 1st period - Deflect By Brayden Point.
3:27 of 1st period - Stopped by Pavel Francouz without a rebound.
3:28 of 1st period - Kevin Hayes wins face-off versus Joel Eriksson Ek in Flyers zone.
3:43 of 1st period - Shot by Kevin Hayes.
3:43 of 1st period - Shot Misses the Net.
4:14 of 1st period - Icing by Tanner Pearson.
4:15 of 1st period - Jamie Benn wins face-off versus Kevin Hayes in Canucks zone.
4:39 of 1st period - Blake Coleman is hit by Jamie Benn and loses puck.
5:45 of 1st period - Shot by Brock Boeser.
5:45 of 1st period - Stopped by Pavel Francouz without a rebound.
5:46 of 1st period - Chris Tierney wins face-off versus Johan Larsson in Flyers zone.
5:53 of 1st period - Victor Hedman is hit by Chris Tierney and loses puck.
6:08 of 1st period - Icing by Chris Tierney.
6:09 of 1st period - Chris Tierney wins face-off versus Jakub Voracek in Canucks zone.
6:09 of 1st period - Chris Tierney is hit by Jamie Benn.
6:57 of 1st period - Icing by Alex Pietrangelo.
6:58 of 1st period - Paul Stastny wins face-off versus Boone Jenner in Canucks zone.
8:13 of 1st period - Shot by Vince Dunn.
8:13 of 1st period - Shot Misses the Net.
8:15 of 1st period - Shot by Joel Eriksson Ek.
8:15 of 1st period - Deflect By Nino Niederreiter.
8:15 of 1st period - Stopped by Carey Price without a rebound.
8:16 of 1st period - Kevin Hayes wins face-off versus Jakub Voracek in Canucks zone.
8:20 of 1st period - Morgan Rielly is hit by Rasmus Andersson and loses puck.
8:42 of 1st period - Shot by Jamie Benn.
8:42 of 1st period - Shot Misses the Net.
8:44 of 1st period - Shot by Jamie Benn.
8:44 of 1st period - Shot Blocked by Morgan Rielly.
8:50 of 1st period - Shot by Jakub Voracek.
8:50 of 1st period - Shot Misses the Net.
9:55 of 1st period - Off-side.
9:56 of 1st period - Brayden Point wins face-off versus Paul Stastny in neutral zone.
10:11 of 1st period - Shot by Paul Stastny.
10:11 of 1st period - Stopped by Carey Price without a rebound.
10:12 of 1st period - Ryan O'Reilly wins face-off versus Jamie Benn in Canucks zone.
10:32 of 1st period - Icing by Keith Yandle.
10:33 of 1st period - Paul Stastny wins face-off versus Ryan O'Reilly in Canucks zone.
10:36 of 1st period - Shot by Tomas Tatar.
10:36 of 1st period - Deflect By Paul Stastny.
10:36 of 1st period - Shot Blocked by Ryan O'Reilly.
10:38 of 1st period - Shot by Paul Stastny.
10:38 of 1st period - Stopped by Carey Price without a rebound.
10:39 of 1st period - Joel Eriksson Ek wins face-off versus Brayden Point in Canucks zone.
11:21 of 1st period - Shot by Mitch Marner.
11:21 of 1st period - Shot Misses the Net.
11:52 of 1st period - Shot by Ryan O'Reilly.
11:52 of 1st period - Shot Misses the Net.
11:57 of 1st period - Brock Boeser is hit by Victor Hedman and loses puck.
12:47 of 1st period - Shot by Chris Tierney.
12:47 of 1st period - Shot Misses the Net.
12:49 of 1st period - Shot by Craig Smith.
12:49 of 1st period - Deflect By Zach Sanford.
12:49 of 1st period - Shot Blocked by Ryan Graves.
12:51 of 1st period - Shot by Ron Hainsey.
12:51 of 1st period - Shot Blocked by William Nylander.
13:00 of 1st period - Off-side.
13:01 of 1st period - Brayden Point wins face-off versus Paul Stastny in neutral zone.
13:14 of 1st period - Shot by Brayden Point.
13:14 of 1st period - Shot Misses the Net.
14:03 of 1st period - Off-side.
14:04 of 1st period - Kevin Hayes wins face-off versus Jamie Benn in neutral zone.
14:17 of 1st period - Shot by Jakub Voracek.
14:17 of 1st period - Shot Misses the Net.
14:19 of 1st period - Shot by William Nylander.
14:19 of 1st period - Shot Misses the Net.
14:31 of 1st period - Shot by Jamie Benn.
14:31 of 1st period - Shot Misses the Net.
15:07 of 1st period - Icing by Johan Larsson.
15:08 of 1st period - Ondrej Kase wins face-off versus Brayden Point in Flyers zone.
15:28 of 1st period - Shot by Mitch Marner.
15:28 of 1st period - Shot Blocked by Johan Larsson.
15:30 of 1st period - Shot by Mitch Marner.
15:30 of 1st period - Stopped by Pavel Francouz without a rebound.
15:31 of 1st period - Paul Stastny wins face-off versus Ryan O'Reilly in Flyers zone.
15:33 of 1st period - Icing by Brendan Gallagher.
15:34 of 1st period - Tomas Tatar wins face-off versus Ryan O'Reilly in Flyers zone.
15:46 of 1st period - Minor Penalty to Ryan Graves for Roughing.
15:47 of 1st period - Joel Eriksson Ek wins face-off versus Brayden Point in Flyers zone.
16:23 of 1st period - Icing by Ryan O'Reilly.
16:24 of 1st period - Johan Larsson wins face-off versus Brayden Point in Canucks zone.
16:57 of 1st period - Alex Pietrangelo is hit by Joel Eriksson Ek and loses puck.
18:48 of 1st period - Jonas Brodin is hit by Boone Jenner and loses puck.
19:05 of 1st period - Shot by Mitch Marner.
19:05 of 1st period - Stopped by Pavel Francouz without a rebound.
19:06 of 1st period - Joel Eriksson Ek wins face-off versus Kevin Hayes in Flyers zone.
19:20 of 1st period - Icing by Vince Dunn.
19:21 of 1st period - Brayden Point wins face-off versus Joel Eriksson Ek in Flyers zone.
19:54 of 1st period - Shot by Brayden Point.
19:54 of 1st period - Shot Blocked by Joel Eriksson Ek.
Goals for this period are 0 for Canucks vs 0 for Flyers.
Shots for this period are 5 for Canucks vs 5 for Flyers.

2nd period


0:01 of 2nd period - Jamie Benn wins face-off versus Ryan O'Reilly in neutral zone.
0:13 of 2nd period - Aaron Ekblad is hit by Jonas Brodin and loses puck.
0:29 of 2nd period - William Nylander is hit by Aaron Ekblad and loses puck.
1:07 of 2nd period - Brayden Point is hit by Noah Hanifin.
1:21 of 2nd period - Shot by Mitch Marner.
1:21 of 2nd period - Shot Misses the Net.
1:25 of 2nd period - Shot by Blake Coleman.
1:25 of 2nd period - Shot Blocked by Rasmus Andersson.
1:36 of 2nd period - Off-side.
1:37 of 2nd period - Kevin Hayes wins face-off versus Joel Eriksson Ek in neutral zone.
1:58 of 2nd period - Shot by Anthony Duclair.
1:58 of 2nd period - Shot Blocked by Ryan Graves.
2:00 of 2nd period - Shot by Kevin Hayes.
2:00 of 2nd period - Shot Misses the Net.
2:13 of 2nd period - Shot by Tanner Pearson.
2:13 of 2nd period - Stopped by Pavel Francouz with a rebound.
2:15 of 2nd period - Shot by Ron Hainsey.
2:15 of 2nd period - Shot Misses the Net.
2:17 of 2nd period - Shot by Anthony Duclair.
2:17 of 2nd period - Goal by Anthony Duclair - Canucks : 1 - Flyers : 0.
2:18 of 2nd period - Ryan O'Reilly wins face-off versus Jake Debrusk in neutral zone.
2:25 of 2nd period - Shot by Brock Boeser.
2:25 of 2nd period - Stopped by Pavel Francouz without a rebound.
2:26 of 2nd period - Brayden Point wins face-off versus Paul Stastny in Flyers zone.
2:27 of 2nd period - Shot by Alex Pietrangelo.
2:27 of 2nd period - Stopped by Pavel Francouz without a rebound.
2:28 of 2nd period - Jamie Benn wins face-off versus Ryan O'Reilly in Flyers zone.
2:45 of 2nd period - Shot by William Nylander.
2:45 of 2nd period - Shot Misses the Net.
3:40 of 2nd period - Paul Stastny is hit by Blake Coleman and loses puck.
4:15 of 2nd period - Morgan Rielly is hit by Brendan Gallagher and loses puck.
4:23 of 2nd period - Morgan Rielly is hit by Rasmus Andersson and loses puck.
4:27 of 2nd period - Minor Penalty to Tanner Pearson for Hooking.
4:28 of 2nd period - Chris Tierney wins face-off versus Jakub Voracek in Canucks zone.
4:28 of 2nd period - Aaron Ekblad is hit by Jamie Benn and loses puck.
4:44 of 2nd period - Shot by Jamie Benn.
4:44 of 2nd period - Shot Misses the Net.
5:04 of 2nd period - Shot by Victor Hedman.
5:04 of 2nd period - Stopped by Carey Price without a rebound.
5:05 of 2nd period - Chris Tierney wins face-off versus Nick Schmaltz in Canucks zone.
6:38 of 2nd period - Shot by Johan Larsson.
6:38 of 2nd period - Deflect By Jake Debrusk.
6:38 of 2nd period - Stopped by Carey Price without a rebound.
6:39 of 2nd period - Paul Stastny wins face-off versus Kevin Hayes in Canucks zone.
6:50 of 2nd period - Shot by Anthony Duclair.
6:50 of 2nd period - Shot Blocked by Ryan Graves.
8:14 of 2nd period - Jake Debrusk is hit by Zach Sanford and loses puck.
8:32 of 2nd period - Icing by Rasmus Andersson.
8:33 of 2nd period - Brayden Point wins face-off versus Johan Larsson in Flyers zone.
8:36 of 2nd period - Shot by Brayden Point.
8:36 of 2nd period - Shot Misses the Net.
8:52 of 2nd period - Shot by Mitch Marner.
8:52 of 2nd period - Stopped by Pavel Francouz with a rebound.
9:02 of 2nd period - Noah Hanifin is hit by Blake Coleman and loses puck.
9:21 of 2nd period - Shot by Jakub Voracek.
9:21 of 2nd period - Stopped by Carey Price without a rebound.
9:22 of 2nd period - Ryan O'Reilly wins face-off versus Paul Stastny in Canucks zone.
10:26 of 2nd period - Shot by Anthony Duclair.
10:26 of 2nd period - Stopped by Pavel Francouz with a rebound.
10:36 of 2nd period - Shot by Tanner Pearson.
10:36 of 2nd period - Shot Misses the Net.
10:38 of 2nd period - Shot by Kevin Hayes.
10:38 of 2nd period - Stopped by Pavel Francouz without a rebound.
10:39 of 2nd period - Brayden Point wins face-off versus Joel Eriksson Ek in Flyers zone.
10:46 of 2nd period - Shot by Mitch Marner.
10:46 of 2nd period - Shot Misses the Net.
10:48 of 2nd period - Shot by Blake Coleman.
10:48 of 2nd period - Goal by Blake Coleman - Canucks : 2 - Flyers : 0.
10:49 of 2nd period - Brayden Point wins face-off versus Ondrej Kase in neutral zone.
11:12 of 2nd period - Shot by Brayden Point.
11:12 of 2nd period - Stopped by Pavel Francouz without a rebound.
11:13 of 2nd period - Kevin Hayes wins face-off versus Jamie Benn in Flyers zone.
11:39 of 2nd period - Shot by William Nylander.
11:39 of 2nd period - Shot Misses the Net.
12:11 of 2nd period - Shot by Tomas Tatar.
12:11 of 2nd period - Shot Blocked by Aaron Ekblad.
12:19 of 2nd period - Alex Pietrangelo is hit by Brendan Gallagher and loses puck.
12:26 of 2nd period - Shot by Tomas Tatar.
12:26 of 2nd period - Stopped by Carey Price without a rebound.
12:27 of 2nd period - Ryan O'Reilly wins face-off versus Joel Eriksson Ek in Canucks zone.
12:45 of 2nd period - Shot by Nick Schmaltz.
12:45 of 2nd period - Stopped by Carey Price without a rebound.
12:46 of 2nd period - Brayden Point wins face-off versus Johan Larsson in Canucks zone.
12:50 of 2nd period - Icing by Mitch Marner.
12:51 of 2nd period - Jamie Benn wins face-off versus Brayden Point in Canucks zone.
13:55 of 2nd period - Shot by Ryan O'Reilly.
13:55 of 2nd period - Shot Misses the Net.
13:57 of 2nd period - Shot by Morgan Rielly.
13:57 of 2nd period - Stopped by Pavel Francouz without a rebound.
13:58 of 2nd period - Joel Eriksson Ek wins face-off versus Chris Tierney in Flyers zone.
13:58 of 2nd period - Joel Eriksson Ek is hit by Craig Smith.
14:11 of 2nd period - Shot by Craig Smith.
14:11 of 2nd period - Stopped by Pavel Francouz without a rebound.
14:12 of 2nd period - Paul Stastny wins face-off versus Ryan O'Reilly in Flyers zone.
14:21 of 2nd period - Shot by Ryan O'Reilly.
14:21 of 2nd period - Shot Misses the Net.
15:00 of 2nd period - Icing by Rasmus Andersson.
15:01 of 2nd period - Paul Stastny wins face-off versus Brayden Point in Flyers zone.
15:20 of 2nd period - Shot by Alex Pietrangelo.
15:20 of 2nd period - Shot Misses the Net.
15:22 of 2nd period - Shot by Blake Coleman.
15:22 of 2nd period - Shot Misses the Net.
15:24 of 2nd period - Shot by Mitch Marner.
15:24 of 2nd period - Shot Misses the Net.
15:50 of 2nd period - Shot by Jakub Voracek.
15:50 of 2nd period - Stopped by Carey Price without a rebound.
15:51 of 2nd period - Joel Eriksson Ek wins face-off versus Kevin Hayes in Canucks zone.
15:52 of 2nd period - Shot by Nick Schmaltz.
15:52 of 2nd period - Shot Misses the Net.
16:14 of 2nd period - Shot by Anthony Duclair.
16:14 of 2nd period - Stopped by Pavel Francouz with a rebound.
16:37 of 2nd period - Icing by Vince Dunn.
16:38 of 2nd period - Joel Eriksson Ek wins face-off versus Ryan O'Reilly in Flyers zone.
16:48 of 2nd period - Icing by Morgan Rielly.
16:49 of 2nd period - Jamie Benn wins face-off versus Ryan O'Reilly in Canucks zone.
16:54 of 2nd period - Shot by William Nylander.
16:54 of 2nd period - Shot Blocked by Morgan Rielly.
17:12 of 2nd period - William Nylander is hit by Boone Jenner and loses puck.
17:16 of 2nd period - Icing by Jonas Brodin.
17:17 of 2nd period - Brayden Point wins face-off versus Jamie Benn in Flyers zone.
17:23 of 2nd period - Icing by Jonas Brodin.
17:24 of 2nd period - Brayden Point wins face-off versus Jamie Benn in Flyers zone.
18:33 of 2nd period - Shot by Ryan O'Reilly.
18:33 of 2nd period - Stopped by Pavel Francouz without a rebound.
18:34 of 2nd period - Joel Eriksson Ek wins face-off versus Kevin Hayes in Flyers zone.
18:59 of 2nd period - Icing by Keith Yandle.
19:00 of 2nd period - Kevin Hayes wins face-off versus Johan Larsson in Canucks zone.
19:00 of 2nd period - Kevin Hayes is hit by Ondrej Kase.
19:09 of 2nd period - Minor Penalty to Victor Hedman for Holding.
19:10 of 2nd period - Joel Eriksson Ek wins face-off versus Brayden Point in Flyers zone.
19:30 of 2nd period - Joel Eriksson Ek is hit by Craig Smith and loses puck.
19:35 of 2nd period - Shot by Mitch Marner.
19:35 of 2nd period - Stopped by Pavel Francouz without a rebound.
19:36 of 2nd period - Joel Eriksson Ek wins face-off versus Kevin Hayes in Flyers zone.
19:49 of 2nd period - Shot by Alex Pietrangelo.
19:49 of 2nd period - Shot Misses the Net.
Goals for this period are 2 for Canucks vs 0 for Flyers.
Shots for this period are 14 for Canucks vs 6 for Flyers.

3rd period


0:01 of 3rd period - Kevin Hayes wins face-off versus Joel Eriksson Ek in neutral zone.
1:06 of 3rd period - Shot by Morgan Rielly.
1:06 of 3rd period - Stopped by Pavel Francouz without a rebound.
1:07 of 3rd period - Joel Eriksson Ek wins face-off versus Brayden Point in Flyers zone.
1:15 of 3rd period - Jake Debrusk is hit by Ian Cole and loses puck.
1:34 of 3rd period - Shot by Zach Sanford.
1:34 of 3rd period - Stopped by Pavel Francouz without a rebound.
1:35 of 3rd period - Paul Stastny wins face-off versus Brayden Point in Flyers zone.
1:35 of 3rd period - Paul Stastny is hit by Blake Coleman.
1:41 of 3rd period - Morgan Rielly is hit by Paul Stastny.
2:59 of 3rd period - Shot by Boone Jenner.
2:59 of 3rd period - Stopped by Pavel Francouz without a rebound.
3:00 of 3rd period - Tanner Pearson wins face-off versus Joel Eriksson Ek in Flyers zone.
3:33 of 3rd period - Shot by Tanner Pearson.
3:33 of 3rd period - Shot Misses the Net.
4:57 of 3rd period - Shot by Zach Sanford.
4:57 of 3rd period - Shot Blocked by Vince Dunn.
5:07 of 3rd period - Shot by Jakub Voracek.
5:07 of 3rd period - Stopped by Carey Price without a rebound.
5:08 of 3rd period - Paul Stastny wins face-off versus Kevin Hayes in Canucks zone.
5:22 of 3rd period - Shot by Anthony Duclair.
5:22 of 3rd period - Stopped by Pavel Francouz with a rebound.
7:13 of 3rd period - Mitch Marner is hit by Noah Hanifin and loses puck.
7:39 of 3rd period - Ryan Graves is hit by Zach Sanford.
7:51 of 3rd period - Shot by Chris Tierney.
7:51 of 3rd period - Shot Misses the Net.
8:23 of 3rd period - Shot by Kevin Hayes.
8:23 of 3rd period - Stopped by Pavel Francouz without a rebound.
8:24 of 3rd period - Ryan O'Reilly wins face-off versus Johan Larsson in Flyers zone.
8:25 of 3rd period - Shot by Brock Boeser.
8:25 of 3rd period - Shot Misses the Net.
8:27 of 3rd period - Shot by Morgan Rielly.
8:27 of 3rd period - Deflect By Brock Boeser.
8:27 of 3rd period - Stopped by Pavel Francouz without a rebound.
8:28 of 3rd period - Ryan O'Reilly wins face-off versus Johan Larsson in Flyers zone.
8:47 of 3rd period - Shot by Boone Jenner.
8:47 of 3rd period - Shot Misses the Net.
8:49 of 3rd period - Shot by Ryan O'Reilly.
8:49 of 3rd period - Stopped by Pavel Francouz with a rebound.
8:51 of 3rd period - Shot by Ryan O'Reilly.
8:51 of 3rd period - Shot Blocked by Noah Hanifin.
8:53 of 3rd period - Shot by Ryan O'Reilly.
8:53 of 3rd period - Shot Misses the Net.
9:16 of 3rd period - Icing by Jake Debrusk.
9:17 of 3rd period - Brayden Point wins face-off versus Johan Larsson in Flyers zone.
9:20 of 3rd period - Shot by Mitch Marner.
9:20 of 3rd period - Stopped by Pavel Francouz without a rebound.
9:21 of 3rd period - Brayden Point wins face-off versus Jamie Benn in Flyers zone.
9:21 of 3rd period - Mitch Marner is hit by Victor Hedman and loses puck.
9:31 of 3rd period - Brayden Point is hit by Jonas Brodin.
9:42 of 3rd period - Minor Penalty to Jonas Brodin for Hooking.
9:43 of 3rd period - Joel Eriksson Ek wins face-off versus Kevin Hayes in Flyers zone.
10:02 of 3rd period - Shot by Ryan O'Reilly.
10:02 of 3rd period - Shot Blocked by Vince Dunn.
10:04 of 3rd period - Shot by Kevin Hayes.
10:04 of 3rd period - Goal by Kevin Hayes - Canucks : 3 - Flyers : 0.
10:05 of 3rd period - Brayden Point wins face-off versus Jamie Benn in neutral zone.
10:47 of 3rd period - Shot by Jakub Voracek.
10:47 of 3rd period - Shot Blocked by Aaron Ekblad.
11:08 of 3rd period - Minor Penalty to Boone Jenner for Hooking.
11:09 of 3rd period - Paul Stastny wins face-off versus Chris Tierney in Canucks zone.
11:39 of 3rd period - Shot by Tomas Tatar.
11:39 of 3rd period - Stopped by Carey Price without a rebound.
11:40 of 3rd period - Chris Tierney wins face-off versus Paul Stastny in Canucks zone.
12:02 of 3rd period - Shot by Paul Stastny.
12:02 of 3rd period - Shot Blocked by Aaron Ekblad.
12:18 of 3rd period - Ron Hainsey is hit by Jakub Voracek and loses puck.
14:04 of 3rd period - Shot by Tanner Pearson.
14:04 of 3rd period - Shot Misses the Net.
14:32 of 3rd period - Shot by Brock Boeser.
14:32 of 3rd period - Shot Misses the Net.
14:45 of 3rd period - Icing by Noah Hanifin.
14:46 of 3rd period - Brayden Point wins face-off versus Nino Niederreiter in Flyers zone.
14:58 of 3rd period - Shot by Mitch Marner.
14:58 of 3rd period - Stopped by Pavel Francouz without a rebound.
14:59 of 3rd period - Ryan O'Reilly wins face-off versus Jamie Benn in Flyers zone.
15:21 of 3rd period - Off-side.
15:22 of 3rd period - Brayden Point wins face-off versus Paul Stastny in neutral zone.
15:40 of 3rd period - Shot by Alex Pietrangelo.
15:40 of 3rd period - Shot Hit the Post.
15:46 of 3rd period - Shot by Mitch Marner.
15:46 of 3rd period - Shot Blocked by Ryan Graves.
15:48 of 3rd period - Shot by Mitch Marner.
15:48 of 3rd period - Stopped by Pavel Francouz without a rebound.
15:49 of 3rd period - Ryan O'Reilly wins face-off versus Jamie Benn in Flyers zone.
15:49 of 3rd period - Ryan O'Reilly is hit by Victor Hedman.
15:53 of 3rd period - Shot by Ryan O'Reilly.
15:53 of 3rd period - Shot Blocked by Victor Hedman.
17:09 of 3rd period - Off-side.
17:10 of 3rd period - Kevin Hayes wins face-off versus Joel Eriksson Ek in neutral zone.
17:10 of 3rd period - Anthony Duclair is hit by Joel Eriksson Ek and loses puck.
17:44 of 3rd period - Shot by Joel Eriksson Ek.
17:44 of 3rd period - Stopped by Carey Price with a rebound.
17:46 of 3rd period - Shot by Vince Dunn.
17:46 of 3rd period - Shot Misses the Net.
17:48 of 3rd period - Shot by Vince Dunn.
17:48 of 3rd period - Shot Blocked by Keith Yandle.
18:26 of 3rd period - Shot by Mitch Marner.
18:26 of 3rd period - Shot Misses the Net.
18:28 of 3rd period - Shot by Aaron Ekblad.
18:28 of 3rd period - Shot Blocked by Jonas Brodin.
18:32 of 3rd period - Shot by Blake Coleman.
18:32 of 3rd period - Shot Misses the Net.
18:34 of 3rd period - Shot by Blake Coleman.
18:34 of 3rd period - Stopped by Pavel Francouz without a rebound.
18:35 of 3rd period - Jamie Benn wins face-off versus Ryan O'Reilly in Flyers zone.
19:03 of 3rd period - Morgan Rielly is hit by Jamie Benn and loses puck.
19:15 of 3rd period - Icing by Ron Hainsey.
19:16 of 3rd period - Paul Stastny wins face-off versus Ryan O'Reilly in Canucks zone.
19:21 of 3rd period - Shot by Tomas Tatar.
19:21 of 3rd period - Shot Misses the Net.
19:39 of 3rd period - Icing by Alex Pietrangelo.
19:40 of 3rd period - Joel Eriksson Ek wins face-off versus Mitch Marner in Canucks zone.
19:56 of 3rd period - Alex Pietrangelo is hit by Victor Hedman.
Goals for this period are 1 for Canucks vs 0 for Flyers.
Shots for this period are 12 for Canucks vs 3 for Flyers.